Map: Blackburn LE

Players

AgoElazer (Elazer) - Winner!

  • Race: Zerg Zerg

DPGZest (Zest)

  • Race: Protoss Protoss

Event: TSL 8

VOD

Have the link to the VOD?

Description

Time

  • Played on: Nov. 28, 2021, 7:29 a.m.
  • Length: 10:48

All games in this series

Show
View Real Time Build Order
Export as new Build Order

AgoElazer Zerg - Winner!

Build Orders: Hatch First 

Get SALT Encoding   

  12  0:00  Drone  
  13  0:12  Overlord  
  13  0:17  Drone  
  14  0:30  Drone x2  
  16  0:48  Hatchery  
  15  0:52  Drone  
  15  0:55  Drone  
  17  0:59  Drone  
  18  1:09  Extractor  
  17  1:15  Spawning Pool  
  17  1:17  Drone  
  17  1:20  Drone  
  18  1:28  Drone  
  19  1:38  Drone  
  20  1:49  Overlord  
  20  2:02  Queen x2  
  20  2:03  Drone, Zergling x2  
  26  2:12  Drone x2  
  26  2:13  Metabolic Boost  
  28  2:21  Drone  
  29  2:23  Drone  
  30  2:32  Drone  
  30  2:33  Drone  
  32  2:38  Queen  
  32  2:43  Drone, Overlord  
  35  2:54  Hatchery  
  35  2:58  Zergling x2  
  35  2:59  Drone  
  36  3:06  Queen  
  36  3:08  Drone  
  36  3:09  Drone  
  36  3:10  Drone  
  36  3:12  Drone  
  42  3:16  Drone x2  
  44  3:21  Overlord  
  44  3:26  Spore Crawler  
  43  3:27  Drone  
  43  3:29  Overlord  
  44  3:40  Overlord  
  44  3:41  Drone x3  
  44  3:43  Queen  
  44  3:48  Drone x3  
  51  4:01  Drone x5  
  56  4:06  Overlord  
  56  4:10  Drone  
  56  4:13  Drone  
  56  4:14  Drone  
  56  4:15  Drone x2  
  61  4:18  Extractor  
  61  4:19  Queen, Extractor  
  61  4:24  Overlord  
  61  4:27  Drone x4  
  61  4:28  Drone x2  
  66  4:32  Roach Warren  
  66  4:37  Overlord  
  65  4:42  Drone x4  
  65  4:45  Overlord  
  69  4:48  Spore Crawler  
  69  4:49  Spore Crawler  
  69  4:51  Queen  
  69  4:53  Overlord  
  69  5:02  Zergling x2  
  69  5:03  Zergling x6  
  73  5:14  Roach x2  
  73  5:15  Roach x5  
  87  5:23  Burrow  
  87  5:31  Zergling x20  
  97  5:36  Ravager  
  97  5:37  Ravager x3  
  97  5:41  Zergling x8  
  105  5:43  Overlord x2  
  105  5:51  Overlord  
  105  5:53  Hatchery, Queen  
  106  6:00  Queen  
  106  6:02  Ravager x3  
  110  6:05  Drone x7  
  116  6:13  Drone x3  
  116  6:18  Drone x4  
  119  6:28  Overlord  
  119  6:30  Extractor x2  
  119  6:32  Lair  
  117  6:34  Spore Crawler x2  
  117  6:35  Overlord  
  115  6:42  Queen  
  115  6:43  Queen  
  115  6:44  Overlord  
  115  6:46  Overlord  
  123  6:47  Drone x7  
  124  6:57  Extractor  
  124  6:59  Drone x3  
  125  7:07  Drone x6  
  125  7:16  Drone x2  
  125  7:20  Queen x2  
  131  7:26  Roach  
  131  7:27  Roach x5  
  143  7:31  Roach x2  
  143  7:32  Queen x2  
  143  7:34  Glial Reconstitution  
  151  7:37  Roach x3  
  155  7:50  Roach x5  
  160  7:55  Queen  
  160  7:56  Roach x5  
  146  8:07  Zergling x18  
  146  8:12  Queen x2  
  158  8:16  Overlord  
  158  8:18  Spire  
  154  8:24  Overseer  
  148  8:28  Drone x6  
  148  8:31  Drone  
  148  8:34  Drone x5  
  153  8:44  Zergling x12  
  148  8:52  Overlord  
  148  8:54  Extractor x2  
  131  9:01  Overlord  
  126  9:05  Zergling x14  
  130  9:11  Overlord  
  130  9:12  Drone  
  130  9:13  Drone x2  
  129  9:36  Mutalisk x11  
  140  9:42  Mutalisk  
  142  9:46  Mutalisk x3  
  142  9:48  Mutalisk x3  
  154  9:57  Mutalisk x3  
  154  9:59  Drone x2  
  159  10:00  Drone  
  159  10:01  Drone x5  
  165  10:07  Overlord  
  165  10:11  Roach x2  
  169  10:22  Roach x3  
  169  10:25  Roach x2  
Show
View Real Time Build Order
Export as new Build Order

DPGZest Protoss 

Build Orders: 1 Gate Expand, Oracle Opening, Zealot Archon 

Get SALT Encoding   

  12  0:00  Probe  
  13  0:12  Probe  
  14  0:20  Pylon  
  14  0:24  Probe  
  15  0:38  Probe (Chrono Boost)  
  15  0:40  Gateway  
  16  0:47  Probe (Chrono Boost)  
  17  0:50  Assimilator  
  17  0:52  Probe (Chrono Boost)  
  19  1:04  Probe  
  19  1:16  Probe  
  20  1:26  Nexus  
  20  1:36  Cybernetics Core  
  20  1:40  Probe  
  20  1:45  Assimilator  
  21  1:52  Probe  
  22  1:55  Pylon  
  22  2:04  Probe (Chrono Boost)  
  23  2:13  Adept  
  26  2:16  Probe (Chrono Boost)  
  26  2:19  Stargate  
  26  2:20  Probe (Chrono Boost)  
  27  2:26  Warp Gate  
  27  2:32  Probe (Chrono Boost)  
  28  2:38  Probe (Chrono Boost)  
  28  2:43  Adept  
  32  2:48  Probe x2 (Chrono Boost)  
  33  2:53  Probe (Chrono Boost)  
  33  2:54  Void Ray (Chrono Boost)  
  33  2:55  Probe  
  35  3:04  Probe  
  40  3:07  Probe  
  40  3:09  Pylon  
  41  3:15  Gateway  
  41  3:17  Probe  
  42  3:20  Probe  
  43  3:29  Probe  
  43  3:32  Probe  
  45  3:34  Oracle (Chrono Boost)  
  48  3:42  Probe  
  48  3:45  Probe  
  50  3:49  Nexus  
  50  3:53  Pylon  
  50  3:55  Probe  
  51  4:02  Assimilator  
  51  4:03  Assimilator  
  51  4:05  Probe  
  51  4:07  Probe  
  53  4:11  Pylon  
  53  4:18  Probe (Chrono Boost)  
  53  4:19  Probe (Chrono Boost)  
  53  4:21  Protoss Air Weapons Level 1  
  55  4:28  Probe x2 (Chrono Boost)  
  57  4:32  Probe (Chrono Boost)  
  57  4:33  Probe (Chrono Boost)  
  57  4:35  Void Ray  
  59  4:40  Twilight Council  
  59  4:41  Forge  
  59  4:44  Probe  
  59  4:45  Probe  
  65  4:46  Shield Battery  
  65  4:58  Probe x2 (Chrono Boost), Pylon  
  67  5:02  Gateway x2  
  67  5:05  Probe (Chrono Boost)  
  68  5:10  Probe (Chrono Boost)  
  71  5:14  Probe x2 (Chrono Boost)  
  71  5:16  Probe (Chrono Boost)  
  71  5:17  Void Ray  
  71  5:19  Probe (Chrono Boost)  
  71  5:20  Probe  
  74  5:24  Probe  
  74  5:25  Protoss Ground Weapons Level 1 (Chrono Boost), Charge (Chrono Boost)  
  79  5:32  Probe  
  79  5:33  Assimilator  
  79  5:35  Assimilator  
  81  5:38  Robotics Facility  
  81  5:42  Photon Cannon  
  81  5:44  Pylon  
  81  5:47  Gateway  
  80  5:51  Gateway  
  80  5:52  Gateway  
  80  5:54  Templar Archives  
  80  5:57  Void Ray (Chrono Boost)  
  80  6:02  Gateway  
  80  6:03  Gateway  
  84  6:13  Photon Cannon  
  84  6:15  Shield Battery  
  84  6:16  Pylon  
  84  6:19  Pylon  
  84  6:20  Pylon  
  84  6:27  Photon Cannon  
  84  6:29  Pylon  
  84  6:39  Warp Prism (Chrono Boost), Pylon  
  84  6:45  Pylon  
  86  6:47  Nexus  
  86  6:49  High Templar  
  86  6:50  High Templar x3  
  86  6:54  Archon x2  
  94  7:08  Nexus  
  94  7:09  Pylon  
  94  7:11  Pylon  
  94  7:18  Zealot x4  
  94  7:19  Zealot  
  103  7:25  Pylon  
  103  7:28  Zealot x2  
  103  7:29  Zealot x2  
  111  7:47  Zealot x5  
  111  7:49  Psionic Storm  
  108  7:51  Warp Prism (Chrono Boost)  
  92  7:59  High Templar x4  
  80  8:11  Zealot  
  80  8:12  Zealot  
  78  8:21  Immortal (Chrono Boost), High Templar  
  84  8:28  Zealot x2  
  84  8:33  Zealot x4  
  84  8:34  Zealot  
  94  8:43  Zealot  
  90  8:49  Zealot x2  
  84  9:00  High Templar  
  84  9:01  Zealot, High Templar  
  84  9:02  Zealot  
  88  9:05  Archon  
  88  9:06  Zealot x3  
  94  9:15  High Templar x2  
  98  9:20  Probe x3  
  98  9:22  Pylon  
  101  9:32  Probe x3  
  104  9:40  Immortal (Chrono Boost)  
  104  9:44  Probe x2  
  110  9:45  Assimilator  
  110  9:48  Assimilator  
  110  9:51  Zealot x3  
  113  10:04  High Templar  
  113  10:05  Zealot x3, High Templar  
  113  10:06  Zealot  
Tags
 
Add a new tag
Caveats
  • Supply blocks, unpowered buildings, or Contaminate may cause inaccurate times.
  • Supply counts are checked every 10 seconds.